Toronto St Pats vs Tappara Tampere
Created - Friday, April 19, 2024 at 07:01
Goals
|
| Toronto St Pats |
0 |
1 |
3 |
0 |
4 |
| Tappara Tampere |
1 |
1 |
2 |
1 |
5 |
|
Shots
|
| Toronto St Pats |
13 |
14 |
11 |
0 |
38 |
| Tappara Tampere |
9 |
13 |
11 |
6 |
39 |
|
1st period
1. Tappara Tampere , Rocco Grimaldi 21 (Kiefer Sherwood 20) at 9:58
Penalties :
Rocco Grimaldi (TAP) for Hooking (Minor) at 7:39, Lassi Thomson (TSP) for Hooking (Minor) at 13:30, Andy Andreoff (TAP) for High sticking (Minor) at 13:39
2nd period
2. Tappara Tampere , Kent Johnson 26 (Anders Bjork 26) at 8:01 (PP)
3. Toronto St Pats , Lassi Thomson 5 (Unassisted) at 18:51
Penalties :
Scott Perunovich (TSP) for Hooking (Minor) at 7:55, Austin Watson (TSP) for Hooking (Minor) at 8:06, Kiefer Sherwood (TAP) for Fighting (Major) at 19:47, Nick Cousins (TSP) for Fighting (Major) at 19:47
3rd period
4. Toronto St Pats , Connor Dewar 41 (Pierre-Olivier Joseph 33, Sean Walker 32) at 3:18 (PP)
5. Toronto St Pats , Filip Hallander 38 (Lassi Thomson 11) at 4:29
6. Tappara Tampere , Anders Bjork 24 (Jan Rutta 20, Kent Johnson 34) at 4:43
7. Toronto St Pats , Sheldon Dries 21 (Quinton Byfield 41, Filip Hallander 42) at 10:02 (PP)
8. Tappara Tampere , Stefan Noesen 35 (Phillip Di Giuseppe 14, Andreas Englund 10) at 19:19
Penalties :
Stefan Noesen (TAP) for Tripping (Minor) at 2:38, Andy Andreoff (TAP) for High sticking (Minor) at 5:14, Anders Bjork (TAP) for Interference (Minor) at 8:43, Austin Watson (TSP) for Unsportsmanlike conduct (Minor) at 13:12, Connor Dewar (TSP) for Slashing (Minor) at 19:22
Overtime #1
9. Tappara Tampere , Jan Rutta 3 (Kiefer Sherwood 21, Rocco Grimaldi 21) at 3:34
Penalties :
No Penalty
Goalie Stats
Hugo Alnefelt (TSP), 34 saves from 39 shots - (0.872), OTL, 7-7-1, 63:34 minutes
Charlie Lindgren (TAP), 34 saves from 38 shots - (0.895), W, 14-6-6, 63:08 minutes
Players Stats for Toronto St Pats
Player Name G A P +/- PIM S H SB GA TA FO MP PP MP PK MP
------------------------------------------------------------------------------------
Austin Watson 0 0 0 -2 4 9 2 0 0 0 1/1 19:01 2:50 0:30
Brendan Brisson 0 0 0 1 0 2 1 0 1 0 0/0 12:02 3:07 0:00
Connor Dewar 1 0 1 0 2 2 3 1 1 0 0/3 16:39 3:07 1:57
Corey Andonovski 0 0 0 0 0 0 0 0 0 0 0/0 12:51 0:00 1:49
Filip Hallander 1 1 2 0 0 4 2 1 3 0 8/15 21:07 3:00 2:54
Jake Leschyshyn 0 0 0 -2 0 0 0 0 0 0 5/9 14:23 0:16 0:00
Lassi Thomson 1 1 2 -2 2 2 2 0 0 2 0/0 21:28 2:34 2:56
Lucas Carlsson 0 0 0 -1 0 1 2 0 0 2 0/0 22:23 2:34 2:56
Nick Cousins 0 0 0 -1 5 0 0 0 0 0 0/0 11:16 0:00 0:00
Nicolas Beaudin 0 0 0 0 0 0 0 0 0 2 0/0 14:03 0:00 0:00
Pierre-Olivier Joseph 0 1 1 -1 0 2 1 2 0 2 0/0 27:51 3:32 3:16
Quinton Byfield 0 1 1 -1 0 6 1 0 2 1 0/0 19:07 2:50 0:45
Riley Damiani 0 0 0 2 0 3 0 0 1 0 3/3 9:13 0:09 0:00
Scott Perunovich 0 0 0 0 2 0 1 0 0 0 0/0 13:42 0:09 0:00
Sean Walker 0 1 1 -1 0 1 3 0 0 3 0/0 27:51 3:32 3:16
Sheldon Dries 1 0 1 -2 0 5 2 0 2 0 16/29 21:02 2:50 3:07
Ville Koivunen 0 0 0 1 0 0 2 0 0 2 0/0 8:50 0:00 0:00
William Lockwood 0 0 0 -1 0 1 0 2 0 1 0/0 13:18 0:00 0:00
Players Stats for Tappara Tampere
Player Name G A P +/- PIM S H SB GA TA FO MP PP MP PK MP
------------------------------------------------------------------------------------
Alex Goligoski 0 0 0 1 0 1 0 3 1 0 0/0 22:50 2:15 2:41
Anders Bjork 1 1 2 0 2 2 2 2 4 0 0/0 18:25 2:37 2:30
Andreas Englund 0 1 1 -1 0 0 3 1 0 1 0/0 19:07 0:00 2:41
Andrew Poturalski 0 0 0 0 0 2 1 0 0 0 4/7 11:52 0:00 0:00
Andy Andreoff 0 0 0 1 4 5 1 0 0 1 12/18 16:08 2:12 0:00
Calvin De Haan 0 0 0 0 0 0 0 1 0 3 0/0 16:25 0:00 0:00
Jan Rutta 1 1 2 1 0 3 2 1 0 1 0/0 24:19 2:35 3:25
John Klingberg 0 0 0 2 0 1 3 0 0 0 0/0 20:48 2:35 0:02
Kent Johnson 1 1 2 0 0 5 2 2 0 0 6/18 19:51 2:37 0:16
Kiefer Sherwood 0 2 2 1 5 3 2 0 2 1 0/0 12:34 0:00 0:55
Logan O'Connor 0 0 0 0 0 0 3 1 0 2 1/5 21:36 2:37 3:09
Lukas Svejkovsky 0 0 0 0 0 0 0 0 0 0 0/0 7:48 0:00 0:00
Mattias Janmark 0 0 0 0 0 3 2 0 1 0 1/1 18:25 2:13 2:48
Mattias Samuelsson 0 0 0 1 0 1 1 2 2 1 0/0 23:39 2:15 3:23
Phillip Di Giuseppe 0 1 1 1 0 0 0 0 1 0 0/0 10:33 0:00 0:00
Rocco Grimaldi 1 1 2 1 2 5 0 0 1 0 1/1 13:12 0:00 0:02
Stefan Noesen 1 0 1 1 2 8 0 0 2 0 2/7 20:54 2:13 2:32
William Eklund 0 0 0 0 0 0 1 0 1 0 0/3 7:48 0:00 0:00
3 Stars
1 - Jan Rutta (TAP)
2 - Kent Johnson (TAP)
3 - Filip Hallander (TSP)
Power Play
Toronto St Pats - 2 on 4 Attempt(s) - 50.00%
Tappara Tampere - 1 on 6 Attempt(s) - 16.67%
Penalty Kill
Toronto St Pats - 5 on 6 Attempt(s) - 83.33%
- Score 0 goal in Penalty Kill
Tappara Tampere - 2 on 4 Attempt(s) - 50.00%
- Score 0 goal in Penalty Kill
Team Stat
Toronto St Pats - Hits : 22 - Faceoff Wins : 33 - Blocked Shots : 6 - Penalty Minutes : 15
Tappara Tampere - Hits : 23 - Faceoff Wins : 27 - Blocked Shots : 13 - Penalty Minutes : 15
Official
Referees : Dennis LaRue and Gord Dwyer
Linesman : Mike Cvik and Steve Miller
Game Notes
18:51 of 2nd period - Penalty Shot by Lassi Thomson for Toronto St Pats - Goal!
Kiefer Sherwood beats up Nick Cousins at 19:47 of 2nd period
Toronto St Pats
5 vs 5 Forward
Center Left Wing Right Wing Time % Phy DF OF
1 Sheldon Dries Quinton Byfield Austin Watson 30 1 2 2
2 Filip Hallander Nick Cousins William Lockwood 30 1 2 2
3 Jake Leschyshyn Connor Dewar Corey Andonovski 25 1 2 2
4 Riley Damiani Brendan Brisson Ville Koivunen 15 1 2 2
5 vs 5 Defense
Defense Defense Time % Phy DF OF
1 Sean Walker Pierre-Olivier Joseph 30 1 2 2
2 Lucas Carlsson Lassi Thomson 30 1 2 2
3 Nicolas Beaudin Scott Perunovich 25 1 2 2
4 Sean Walker Pierre-Olivier Joseph 15 1 2 2
PowerPlay Forward
Center Left Wing Right Wing Time % Phy DF OF
1 Sheldon Dries Quinton Byfield Austin Watson 50 1 2 2
2 Filip Hallander Connor Dewar Brendan Brisson 50 1 2 2
PowerPlay Defense
Defense Defense Time % Phy DF OF
1 Sean Walker Pierre-Olivier Joseph 50 1 2 2
2 Lucas Carlsson Lassi Thomson 50 1 2 2
Penalty Kill 4 Players Forward
Center Wing Time % Phy DF OF
1 Sheldon Dries Austin Watson 50 1 2 2
2 Filip Hallander Connor Dewar 50 1 2 2
Penalty Kill 4 Players Defense
Defense Defense Time % Phy DF OF
1 Sean Walker Pierre-Olivier Joseph 50 1 2 2
2 Lucas Carlsson Lassi Thomson 50 1 2 2
Penalty Kill - 3 Players Forward
Forward Time % Phy DF OF
1 Sheldon Dries 50 1 2 2
2 Filip Hallander 50 1 2 2
Penalty Kill - 3 Players Defense
Defense Defense Time % Phy DF OF
1 Sean Walker Pierre-Olivier Joseph 50 1 2 2
2 Lucas Carlsson Lassi Thomson 50 1 2 2
4 vs 4 Forward
Center Wing Time % Phy DF OF
1 Sheldon Dries Quinton Byfield 50 1 2 2
2 Filip Hallander Austin Watson 50 1 2 2
4 vs 4 Defense
Defense Defense Time % Phy DF OF
1 Sean Walker Pierre-Olivier Joseph 50 1 2 2
2 Lucas Carlsson Lassi Thomson 50 1 2 2
Last Minutes Offensive
Center Left Wing Right Wing Defense Defense
Sheldon Dries Quinton Byfield Austin Watson Sean Walker Pierre-Olivier Joseph
Last Minutes Defensive
Center Left Wing Right Wing Defense Defense
Filip Hallander Austin Watson William Lockwood Sean Walker Pierre-Olivier Joseph
Goaltenders
Starting : Hugo Alnefelt
Backup : Unknown Goalie
Extra Forwards
Normal : Jake Leschyshyn, Riley Damiani, Corey Andonovski - PP : Jake Leschyshyn, Riley Damiani - PK : Corey Andonovski
Extra Defensemen
Normal : Nicolas Beaudin, Scott Perunovich, Lucas Carlsson - PP : Nicolas Beaudin - PK : Scott Perunovich, Lucas Carlsson
Penalty Shots
Quinton Byfield, Austin Watson, Nick Cousins, Sheldon Dries, Connor Dewar
Tappara Tampere
5 vs 5 Forward
Center Left Wing Right Wing Time % Phy DF OF
1 Andy Andreoff Stefan Noesen Mattias Janmark 31 1 2 2
2 Kent Johnson Logan O'Connor Anders Bjork 31 1 2 2
3 Andrew Poturalski Rocco Grimaldi Kiefer Sherwood 28 1 2 2
4 William Eklund Phillip Di Giuseppe Lukas Svejkovsky 10 1 2 2
5 vs 5 Defense
Defense Defense Time % Phy DF OF
1 John Klingberg Jan Rutta 34 1 3 1
2 Mattias Samuelsson Alex Goligoski 33 1 3 1
3 Calvin De Haan Andreas Englund 33 2 2 1
4 John Klingberg Jan Rutta 0 1 2 2
PowerPlay Forward
Center Left Wing Right Wing Time % Phy DF OF
1 Andy Andreoff Stefan Noesen Mattias Janmark 50 1 2 2
2 Kent Johnson Logan O'Connor Anders Bjork 50 1 2 2
PowerPlay Defense
Defense Defense Time % Phy DF OF
1 John Klingberg Jan Rutta 50 1 2 2
2 Mattias Samuelsson Alex Goligoski 50 1 2 2
Penalty Kill 4 Players Forward
Center Wing Time % Phy DF OF
1 Stefan Noesen Mattias Janmark 50 1 3 1
2 Logan O'Connor Anders Bjork 50 2 2 1
Penalty Kill 4 Players Defense
Defense Defense Time % Phy DF OF
1 Mattias Samuelsson Jan Rutta 50 2 2 1
2 Andreas Englund Alex Goligoski 50 2 2 1
Penalty Kill - 3 Players Forward
Forward Time % Phy DF OF
1 Stefan Noesen 50 1 3 1
2 Mattias Janmark 50 1 3 1
Penalty Kill - 3 Players Defense
Defense Defense Time % Phy DF OF
1 Mattias Samuelsson Jan Rutta 50 2 2 1
2 Andreas Englund Alex Goligoski 50 2 2 1
4 vs 4 Forward
Center Wing Time % Phy DF OF
1 Stefan Noesen Phillip Di Giuseppe 50 1 2 2
2 Logan O'Connor Kent Johnson 50 1 2 2
4 vs 4 Defense
Defense Defense Time % Phy DF OF
1 John Klingberg Jan Rutta 50 1 2 2
2 Mattias Samuelsson Alex Goligoski 50 1 2 2
Last Minutes Offensive
Center Left Wing Right Wing Defense Defense
Andy Andreoff Phillip Di Giuseppe Stefan Noesen John Klingberg Mattias Samuelsson
Last Minutes Defensive
Center Left Wing Right Wing Defense Defense
Andy Andreoff Stefan Noesen Mattias Janmark Jan Rutta Mattias Samuelsson
Goaltenders
Starting : Charlie Lindgren
Backup : Petr Mrazek
Extra Forwards
Normal : Kent Johnson, Rocco Grimaldi, Kiefer Sherwood - PP : Lukas Svejkovsky, Rocco Grimaldi - PK : Kiefer Sherwood
Extra Defensemen
Normal : Calvin De Haan, John Klingberg, Mattias Samuelsson - PP : Calvin De Haan - PK : Andreas Englund, Mattias Samuelsson
Penalty Shots
Stefan Noesen, Mattias Janmark, Logan O'Connor, Anders Bjork, Andy Andreoff
% Time on Ice - Toronto St Pats
Lines # - Real PCT - Wanted PCT - Time Play
Normal Forward
1 - 29% - 30% - 13:29
2 - 29% - 30% - 13:45
3 - 23% - 25% - 10:36
4 - 19% - 15% - 8:50
Normal Defense
1 - 30% - 30% - 13:55
2 - 31% - 30% - 14:18
3 - 29% - 25% - 13:20
4 - 11% - 15% - 5:07
PP Forward
1 - 46% - 50% - 2:50
2 - 54% - 50% - 3:16
PP Defense
1 - 58% - 50% - 3:32
2 - 42% - 50% - 2:34
PK Forward
1 - 53% - 50% - 2:34
2 - 47% - 50% - 2:16
PK Defense
1 - 52% - 50% - 2:32
2 - 48% - 50% - 2:18
PK3 Forward
1 - 54% - 50% - 0:44
2 - 46% - 50% - 0:38
PK3 Defense
1 - 54% - 50% - 0:44
2 - 46% - 50% - 0:38
44 Forward
1 - 56% - 50% - 2:16
2 - 44% - 50% - 1:46
44 Defense
1 - 50% - 50% - 2:01
2 - 50% - 50% - 2:01
Last Minute Offensive - 0:00
Last Minute Defensive - 0:34
Total
Forward - 63:34
Defense - 63:34
|
% Time on Ice - Tappara Tampere
Lines # - Real PCT - Wanted PCT - Time Play
Normal Forward
1 - 29% - 31% - 13:24
2 - 29% - 31% - 13:37
3 - 25% - 28% - 11:52
4 - 17% - 10% - 7:48
Normal Defense
1 - 34% - 34% - 15:42
2 - 32% - 33% - 15:10
3 - 34% - 33% - 15:49
4 - 0% - 0% - 0:00
PP Forward
1 - 46% - 50% - 2:13
2 - 54% - 50% - 2:37
PP Defense
1 - 53% - 50% - 2:35
2 - 47% - 50% - 2:15
PK Forward
1 - 46% - 50% - 2:50
2 - 54% - 50% - 3:16
PK Defense
1 - 56% - 50% - 3:25
2 - 44% - 50% - 2:41
PK3 Forward
1 - 0% - 50%
2 - 0% - 50%
PK3 Defense
1 - 0% - 50%
2 - 0% - 50%
44 Forward
1 - 48% - 50% - 2:35
2 - 52% - 50% - 2:49
44 Defense
1 - 49% - 50% - 2:40
2 - 51% - 50% - 2:44
Last Minute Offensive - 0:33
Last Minute Defensive - 0:00
Total
Forward - 63:34
Defense - 63:34
|
Play-by-Play
1st period
0:01 of 1st period - Andy Andreoff wins face-off versus Sheldon Dries in neutral zone.
0:04 of 1st period - Wrist shot by Mattias Janmark.
0:04 of 1st period - Stopped by Hugo Alnefelt with a rebound.
0:12 of 1st period - Wrist shot by Stefan Noesen.
0:12 of 1st period - Shot Misses the Net.
0:14 of 1st period - Snap shot by Stefan Noesen.
0:14 of 1st period - Stopped by Hugo Alnefelt with a rebound.
0:26 of 1st period - William Lockwood is hit by Jan Rutta and loses puck.
0:33 of 1st period - Lassi Thomson is hit by John Klingberg and loses puck.
1:36 of 1st period - Snap shot by Sheldon Dries.
1:36 of 1st period - Stopped by Charlie Lindgren with a rebound.
1:58 of 1st period - Snap shot by Connor Dewar.
1:58 of 1st period - Shot Misses the Net.
2:46 of 1st period - Calvin De Haan is hit by Sean Walker and loses puck.
2:52 of 1st period - Off-side.
2:53 of 1st period - Sheldon Dries wins face-off versus William Eklund in neutral zone.
2:58 of 1st period - Snap shot by Sheldon Dries.
2:58 of 1st period - Stopped by Charlie Lindgren with a rebound.
3:26 of 1st period - Off-side.
3:27 of 1st period - Kent Johnson wins face-off versus Filip Hallander in neutral zone.
4:34 of 1st period - Sean Walker is hit by Andreas Englund and loses puck.
4:58 of 1st period - Snap shot by Filip Hallander.
4:58 of 1st period - Deflect By William Lockwood.
4:58 of 1st period - Stopped by Charlie Lindgren without a rebound.
4:59 of 1st period - Filip Hallander wins face-off versus Kent Johnson in Tappara Tampere zone.
5:12 of 1st period - Logan O'Connor is hit by Filip Hallander.
6:31 of 1st period - Sean Walker is hit by Logan O'Connor and loses puck.
6:56 of 1st period - Slapshot by Mattias Janmark.
6:56 of 1st period - Stopped by Hugo Alnefelt with a rebound.
7:02 of 1st period - Snap shot by Filip Hallander.
7:02 of 1st period - Stopped by Charlie Lindgren with a rebound.
7:33 of 1st period - Andrew Poturalski is hit by Quinton Byfield and loses puck.
7:39 of 1st period - Minor Penalty to Rocco Grimaldi for Hooking.
7:40 of 1st period - Sheldon Dries wins face-off versus Stefan Noesen in Tappara Tampere zone.
7:50 of 1st period - Snap shot by Quinton Byfield.
7:50 of 1st period - Deflect By Sheldon Dries.
7:50 of 1st period - Shot Misses the Net.
7:50 of 1st period - Puck is out of play.
7:51 of 1st period - Sheldon Dries wins face-off versus Logan O'Connor in Tappara Tampere zone.
9:39 of 1st period - Penalty to Rocco Grimaldi is over, Rocco Grimaldi is back on ice.
9:46 of 1st period - Snap shot by Kiefer Sherwood.
9:46 of 1st period - Shot Misses the Net.
9:48 of 1st period - Snap shot by Rocco Grimaldi.
9:48 of 1st period - Stopped by Hugo Alnefelt with a rebound.
9:50 of 1st period - Snap shot by Rocco Grimaldi.
9:50 of 1st period - Stopped by Hugo Alnefelt with a rebound.
9:52 of 1st period - Snap shot by Andrew Poturalski.
9:52 of 1st period - Shot Blocked by Pierre-Olivier Joseph.
9:58 of 1st period - Wrist shot by Rocco Grimaldi.
9:58 of 1st period - Goal by Rocco Grimaldi - Toronto St Pats : 0 - Tappara Tampere : 1.
9:59 of 1st period - Kent Johnson wins face-off versus Sheldon Dries in neutral zone.
10:02 of 1st period - Sheldon Dries is hit by Logan O'Connor and loses puck.
10:11 of 1st period - Slapshot by Quinton Byfield.
10:11 of 1st period - Stopped by Charlie Lindgren without a rebound.
10:12 of 1st period - Jake Leschyshyn wins face-off versus Andy Andreoff in Tappara Tampere zone.
10:13 of 1st period - Wrist shot by Connor Dewar.
10:13 of 1st period - Deflect By Jake Leschyshyn.
10:13 of 1st period - Shot Misses the Net.
10:13 of 1st period - Puck is out of play.
10:14 of 1st period - Andy Andreoff wins face-off versus Connor Dewar in Tappara Tampere zone.
11:53 of 1st period - Slapshot by Connor Dewar.
11:53 of 1st period - Stopped by Charlie Lindgren without a rebound.
11:54 of 1st period - Sheldon Dries wins face-off versus Kent Johnson in Tappara Tampere zone.
11:55 of 1st period - Snap shot by Quinton Byfield.
11:55 of 1st period - Stopped by Charlie Lindgren with a rebound.
12:05 of 1st period - Snap shot by Kent Johnson.
12:05 of 1st period - Stopped by Hugo Alnefelt without a rebound.
12:06 of 1st period - Andy Andreoff wins face-off versus Sheldon Dries in Toronto St Pats zone.
12:17 of 1st period - Snap shot by Austin Watson.
12:17 of 1st period - Stopped by Charlie Lindgren with a rebound.
12:31 of 1st period - Anders Bjork is hit by Sean Walker and loses puck.
12:55 of 1st period - Off-side.
12:56 of 1st period - Riley Damiani wins face-off versus Andrew Poturalski in neutral zone.
13:00 of 1st period - Snap shot by Brendan Brisson.
13:00 of 1st period - Shot Misses the Net.
13:02 of 1st period - Wrist shot by Brendan Brisson.
13:02 of 1st period - Shot Blocked by Andreas Englund.
13:16 of 1st period - Calvin De Haan is hit by Ville Koivunen and loses puck.
13:30 of 1st period - Minor Penalty to Lassi Thomson for Hooking.
13:31 of 1st period - Andy Andreoff wins face-off versus Sheldon Dries in Toronto St Pats zone.
13:39 of 1st period - Minor Penalty to Andy Andreoff for High sticking.
13:40 of 1st period - Sheldon Dries wins face-off versus Stefan Noesen in Tappara Tampere zone.
13:53 of 1st period - Snap shot by Quinton Byfield.
13:53 of 1st period - Stopped by Charlie Lindgren with a rebound.
15:30 of 1st period - Penalty to Lassi Thomson is over, Lassi Thomson is back on ice.
15:39 of 1st period - Penalty to Andy Andreoff is over, Andy Andreoff is back on ice.
15:42 of 1st period - Slapshot by Kiefer Sherwood.
15:42 of 1st period - Stopped by Hugo Alnefelt without a rebound.
15:43 of 1st period - Andrew Poturalski wins face-off versus Jake Leschyshyn in Toronto St Pats zone.
16:56 of 1st period - Wrist shot by Austin Watson.
16:56 of 1st period - Stopped by Charlie Lindgren without a rebound.
16:57 of 1st period - Andy Andreoff wins face-off versus Connor Dewar in Tappara Tampere zone.
17:06 of 1st period - Snap shot by Mattias Janmark.
17:06 of 1st period - Shot Misses the Net.
17:08 of 1st period - Snap shot by Andy Andreoff.
17:08 of 1st period - Shot Misses the Net.
17:18 of 1st period - Jake Leschyshyn is hit by Mattias Janmark.
17:32 of 1st period - Sean Walker is hit by John Klingberg and loses puck.
17:55 of 1st period - Icing by Alex Goligoski.
17:56 of 1st period - Austin Watson wins face-off versus Kent Johnson in Tappara Tampere zone.
17:57 of 1st period - Wrist shot by Quinton Byfield.
17:57 of 1st period - Shot Misses the Net.
17:59 of 1st period - Snap shot by Austin Watson.
17:59 of 1st period - Stopped by Charlie Lindgren with a rebound.
18:01 of 1st period - Snap shot by Sheldon Dries.
18:01 of 1st period - Shot Blocked by Anders Bjork.
18:03 of 1st period - Slapshot by Lassi Thomson.
18:03 of 1st period - Shot Misses the Net.
18:05 of 1st period - Snap shot by Sheldon Dries.
18:05 of 1st period - Shot Misses the Net.
18:07 of 1st period - Slapshot by Lassi Thomson.
18:07 of 1st period - Shot Blocked by Alex Goligoski.
18:09 of 1st period - Slapshot by Lucas Carlsson.
18:09 of 1st period - Shot Misses the Net.
18:11 of 1st period - Snap shot by Austin Watson.
18:11 of 1st period - Stopped by Charlie Lindgren with a rebound.
18:29 of 1st period - Snap shot by Anders Bjork.
18:29 of 1st period - Shot Misses the Net.
19:01 of 1st period - Snap shot by Quinton Byfield.
19:01 of 1st period - Shot Misses the Net.
19:05 of 1st period - Snap shot by Austin Watson.
19:05 of 1st period - Stopped by Charlie Lindgren without a rebound.
19:06 of 1st period - Andy Andreoff wins face-off versus Filip Hallander in Tappara Tampere zone.
19:15 of 1st period - Icing by Filip Hallander.
19:16 of 1st period - Filip Hallander wins face-off versus Andy Andreoff in Toronto St Pats zone.
19:20 of 1st period - Off-side.
19:21 of 1st period - Andy Andreoff wins face-off versus Filip Hallander in neutral zone.
19:28 of 1st period - Snap shot by Stefan Noesen.
19:28 of 1st period - Shot Blocked by Filip Hallander.
19:34 of 1st period - Snap shot by Mattias Janmark.
19:34 of 1st period - Stopped by Hugo Alnefelt with a rebound.
Goals for this period are 0 for Toronto St Pats vs 1 for Tappara Tampere.
Shots for this period are 13 for Toronto St Pats vs 9 for Tappara Tampere.
2nd period
0:01 of 2nd period - Andy Andreoff wins face-off versus Sheldon Dries in neutral zone.
0:10 of 2nd period - Snap shot by Austin Watson.
0:10 of 2nd period - Stopped by Charlie Lindgren with a rebound.
0:12 of 2nd period - Wrist shot by Sheldon Dries.
0:12 of 2nd period - Shot Blocked by Jan Rutta.
0:30 of 2nd period - Wrist shot by Connor Dewar.
0:30 of 2nd period - Shot Misses the Net.
1:12 of 2nd period - Snap shot by Phillip Di Giuseppe.
1:12 of 2nd period - Shot Misses the Net.
1:27 of 2nd period - Icing by Lukas Svejkovsky.
1:28 of 2nd period - Sheldon Dries wins face-off versus William Eklund in Tappara Tampere zone.
1:31 of 2nd period - Wrist shot by Sheldon Dries.
1:31 of 2nd period - Shot Blocked by Calvin De Haan.
1:39 of 2nd period - Wrist shot by Austin Watson.
1:39 of 2nd period - Stopped by Charlie Lindgren with a rebound.
2:04 of 2nd period - Wrist shot by Stefan Noesen.
2:04 of 2nd period - Deflect By Andy Andreoff.
2:04 of 2nd period - Stopped by Hugo Alnefelt with a rebound.
2:41 of 2nd period - Snap shot by Brendan Brisson.
2:41 of 2nd period - Shot Misses the Net.
2:43 of 2nd period - Slapshot by Sean Walker.
2:43 of 2nd period - Shot Blocked by Mattias Samuelsson.
3:43 of 2nd period - Wrist shot by Kiefer Sherwood.
3:43 of 2nd period - Shot Misses the Net.
3:45 of 2nd period - Slapshot by Jan Rutta.
3:45 of 2nd period - Stopped by Hugo Alnefelt with a rebound.
3:47 of 2nd period - Wrist shot by Andrew Poturalski.
3:47 of 2nd period - Stopped by Hugo Alnefelt with a rebound.
4:16 of 2nd period - Icing by Mattias Samuelsson.
4:17 of 2nd period - Mattias Janmark wins face-off versus Sheldon Dries in Tappara Tampere zone.
4:26 of 2nd period - Sean Walker is hit by Anders Bjork and loses puck.
4:31 of 2nd period - Slapshot by Logan O'Connor.
4:31 of 2nd period - Shot Misses the Net.
4:33 of 2nd period - Snap shot by Anders Bjork.
4:33 of 2nd period - Stopped by Hugo Alnefelt with a rebound.
5:52 of 2nd period - Logan O'Connor is hit by Austin Watson and loses puck.
6:21 of 2nd period - Andrew Poturalski is hit by Connor Dewar and loses puck.
6:55 of 2nd period - Icing by Riley Damiani.
6:56 of 2nd period - Riley Damiani wins face-off versus Stefan Noesen in Toronto St Pats zone.
7:10 of 2nd period - Wrist shot by Stefan Noesen.
7:10 of 2nd period - Stopped by Hugo Alnefelt without a rebound.
7:11 of 2nd period - Sheldon Dries wins face-off versus Kent Johnson in Toronto St Pats zone.
7:36 of 2nd period - William Lockwood is hit by Andy Andreoff and loses puck.
7:47 of 2nd period - Slapshot by Stefan Noesen.
7:47 of 2nd period - Shot Blocked by William Lockwood.
7:49 of 2nd period - Wrist shot by Andy Andreoff.
7:49 of 2nd period - Stopped by Hugo Alnefelt with a rebound.
7:55 of 2nd period - Minor Penalty to Scott Perunovich for Hooking.
7:56 of 2nd period - Kent Johnson wins face-off versus Sheldon Dries in Toronto St Pats zone.
8:01 of 2nd period - Snap shot by Kent Johnson.
8:01 of 2nd period - Goal by Kent Johnson - Toronto St Pats : 0 - Tappara Tampere : 2.
8:02 of 2nd period - Andy Andreoff wins face-off versus Sheldon Dries in neutral zone.
8:06 of 2nd period - Minor Penalty to Austin Watson for Hooking.
8:07 of 2nd period - Filip Hallander wins face-off versus Kent Johnson in Toronto St Pats zone.
8:29 of 2nd period - Snap shot by Filip Hallander.
8:29 of 2nd period - Stopped by Charlie Lindgren with a rebound.
8:31 of 2nd period - Snap shot by Connor Dewar.
8:31 of 2nd period - Shot Misses the Net.
8:43 of 2nd period - Backhand shot by Pierre-Olivier Joseph.
8:43 of 2nd period - Deflect By Sheldon Dries.
8:43 of 2nd period - Shot Misses the Net.
8:43 of 2nd period - Puck is out of play.
8:44 of 2nd period - Sheldon Dries wins face-off versus Andy Andreoff in Tappara Tampere zone.
10:06 of 2nd period - Penalty to Austin Watson is over, Austin Watson is back on ice.
10:51 of 2nd period - Snap shot by Andrew Poturalski.
10:51 of 2nd period - Stopped by Hugo Alnefelt with a rebound.
10:53 of 2nd period - Snap shot by Rocco Grimaldi.
10:53 of 2nd period - Shot Misses the Net.
11:27 of 2nd period - Slapshot by Sheldon Dries.
11:27 of 2nd period - Stopped by Charlie Lindgren without a rebound.
11:28 of 2nd period - Sheldon Dries wins face-off versus William Eklund in Tappara Tampere zone.
12:18 of 2nd period - Icing by Calvin De Haan.
12:19 of 2nd period - Riley Damiani wins face-off versus Kent Johnson in Tappara Tampere zone.
12:42 of 2nd period - Logan O'Connor is hit by Ville Koivunen and loses puck.
12:51 of 2nd period - Slapshot by Lucas Carlsson.
12:51 of 2nd period - Shot Blocked by Alex Goligoski.
12:53 of 2nd period - Slapshot by Lucas Carlsson.
12:53 of 2nd period - Shot Blocked by Mattias Samuelsson.
12:55 of 2nd period - Slapshot by Lassi Thomson.
12:55 of 2nd period - Stopped by Charlie Lindgren with a rebound.
12:57 of 2nd period - Wrist shot by Riley Damiani.
12:57 of 2nd period - Shot Blocked by Alex Goligoski.
13:03 of 2nd period - Wrist shot by Riley Damiani.
13:03 of 2nd period - Stopped by Charlie Lindgren with a rebound.
13:05 of 2nd period - Snap shot by Brendan Brisson.
13:05 of 2nd period - Shot Misses the Net.
13:07 of 2nd period - Snap shot by Lassi Thomson.
13:07 of 2nd period - Shot Misses the Net.
13:09 of 2nd period - Slapshot by Riley Damiani.
13:09 of 2nd period - Stopped by Charlie Lindgren with a rebound.
13:15 of 2nd period - Slapshot by Riley Damiani.
13:15 of 2nd period - Stopped by Charlie Lindgren with a rebound.
13:17 of 2nd period - Slapshot by Ville Koivunen.
13:17 of 2nd period - Shot Misses the Net.
13:19 of 2nd period - Wrist shot by Lassi Thomson.
13:19 of 2nd period - Shot Blocked by Kent Johnson.
13:21 of 2nd period - Snap shot by Brendan Brisson.
13:21 of 2nd period - Shot Misses the Net.
13:23 of 2nd period - Backhand shot by Brendan Brisson.
13:23 of 2nd period - Shot Misses the Net.
13:25 of 2nd period - Slapshot by Lucas Carlsson.
13:25 of 2nd period - Deflect By Anders Bjork.
13:25 of 2nd period - Stopped by Charlie Lindgren with a rebound.
13:27 of 2nd period - Snap shot by Brendan Brisson.
13:27 of 2nd period - Stopped by Charlie Lindgren with a rebound.
13:29 of 2nd period - Snap shot by Brendan Brisson.
13:29 of 2nd period - Stopped by Charlie Lindgren without a rebound.
13:30 of 2nd period - Jake Leschyshyn wins face-off versus Andy Andreoff in Tappara Tampere zone.
13:46 of 2nd period - Icing by Pierre-Olivier Joseph.
13:47 of 2nd period - Andrew Poturalski wins face-off versus Jake Leschyshyn in Toronto St Pats zone.
15:08 of 2nd period - Slapshot by John Klingberg.
15:08 of 2nd period - Shot Misses the Net.
15:10 of 2nd period - Wrist shot by Jan Rutta.
15:10 of 2nd period - Shot Misses the Net.
15:12 of 2nd period - Slapshot by Jan Rutta.
15:12 of 2nd period - Shot Misses the Net.
15:26 of 2nd period - Snap shot by Austin Watson.
15:26 of 2nd period - Stopped by Charlie Lindgren with a rebound.
15:36 of 2nd period - Wrist shot by Rocco Grimaldi.
15:36 of 2nd period - Stopped by Hugo Alnefelt with a rebound.
15:38 of 2nd period - Snap shot by Rocco Grimaldi.
15:38 of 2nd period - Shot Misses the Net.
15:40 of 2nd period - Snap shot by Rocco Grimaldi.
15:40 of 2nd period - Shot Misses the Net.
16:41 of 2nd period - Slapshot by John Klingberg.
16:41 of 2nd period - Deflect By Andy Andreoff.
16:41 of 2nd period - Stopped by Hugo Alnefelt without a rebound.
16:42 of 2nd period - Andrew Poturalski wins face-off versus Jake Leschyshyn in Toronto St Pats zone.
16:47 of 2nd period - Slapshot by Rocco Grimaldi.
16:47 of 2nd period - Stopped by Hugo Alnefelt with a rebound.
17:15 of 2nd period - Wrist shot by Andy Andreoff.
17:15 of 2nd period - Stopped by Hugo Alnefelt with a rebound.
17:17 of 2nd period - Wrist shot by Stefan Noesen.
17:17 of 2nd period - Stopped by Hugo Alnefelt with a rebound.
17:27 of 2nd period - Snap shot by Quinton Byfield.
17:27 of 2nd period - Stopped by Charlie Lindgren without a rebound.
17:28 of 2nd period - Sheldon Dries wins face-off versus Kent Johnson in Tappara Tampere zone.
17:33 of 2nd period - Slapshot by Quinton Byfield.
17:33 of 2nd period - Stopped by Charlie Lindgren without a rebound.
17:34 of 2nd period - Stefan Noesen wins face-off versus Sheldon Dries in Tappara Tampere zone.
18:41 of 2nd period - Alex Goligoski is hit by Lucas Carlsson and loses puck.
18:51 of 2nd period - Penalty Shot by Lassi Thomson for Toronto St Pats.
18:51 of 2nd period - Wrist shot by Lassi Thomson.
18:51 of 2nd period - Goal by Lassi Thomson - Toronto St Pats : 1 - Tappara Tampere : 2.
18:52 of 2nd period - Jake Leschyshyn wins face-off versus Andy Andreoff in neutral zone.
18:52 of 2nd period - Jake Leschyshyn is hit by Andreas Englund.
18:54 of 2nd period - Jake Leschyshyn wins face-off versus Andy Andreoff in Toronto St Pats zone.
19:04 of 2nd period - Snap shot by Andy Andreoff.
19:04 of 2nd period - Shot Misses the Net.
19:20 of 2nd period - Andreas Englund is hit by Austin Watson and loses puck.
19:41 of 2nd period - Jan Rutta is hit by Lucas Carlsson and loses puck.
19:47 of 2nd period - Kiefer Sherwood beats up Nick Cousins.
19:47 of 2nd period - Penalty to Kiefer Sherwood for Fighting.
19:47 of 2nd period - Penalty to Nick Cousins for Fighting.
19:48 of 2nd period - Filip Hallander wins face-off versus Stefan Noesen in Toronto St Pats zone.
Goals for this period are 1 for Toronto St Pats vs 1 for Tappara Tampere.
Shots for this period are 14 for Toronto St Pats vs 13 for Tappara Tampere.
3rd period
0:01 of 3rd period - Kent Johnson wins face-off versus Jake Leschyshyn in neutral zone.
0:04 of 3rd period - Jake Leschyshyn is hit by Kent Johnson and loses puck.
0:25 of 3rd period - Pierre-Olivier Joseph is hit by Mattias Janmark and loses puck.
0:47 of 3rd period - Slapshot by Pierre-Olivier Joseph.
0:47 of 3rd period - Stopped by Charlie Lindgren without a rebound.
0:48 of 3rd period - Andrew Poturalski wins face-off versus Filip Hallander in Tappara Tampere zone.
1:11 of 3rd period - Mattias Janmark is hit by Lassi Thomson and loses puck.
1:40 of 3rd period - Brendan Brisson is hit by Andreas Englund and loses puck.
2:15 of 3rd period - Snap shot by Kent Johnson.
2:15 of 3rd period - Stopped by Hugo Alnefelt without a rebound.
2:16 of 3rd period - Sheldon Dries wins face-off versus Kent Johnson in Toronto St Pats zone.
2:38 of 3rd period - Minor Penalty to Stefan Noesen for Tripping.
2:39 of 3rd period - Logan O'Connor wins face-off versus Sheldon Dries in Tappara Tampere zone.
2:39 of 3rd period - Logan O'Connor is hit by Sheldon Dries.
3:14 of 3rd period - Wrist shot by Sean Walker.
3:14 of 3rd period - Stopped by Charlie Lindgren with a rebound.
3:16 of 3rd period - Slapshot by Pierre-Olivier Joseph.
3:16 of 3rd period - Stopped by Charlie Lindgren with a rebound.
3:18 of 3rd period - Backhand shot by Connor Dewar.
3:18 of 3rd period - Goal by Connor Dewar - Toronto St Pats : 2 - Tappara Tampere : 2.
3:19 of 3rd period - Kent Johnson wins face-off versus Connor Dewar in neutral zone.
4:07 of 3rd period - Sean Walker is hit by William Eklund and loses puck.
4:12 of 3rd period - Wrist shot by Phillip Di Giuseppe.
4:12 of 3rd period - Shot Misses the Net.
4:21 of 3rd period - Off-side.
4:22 of 3rd period - Filip Hallander wins face-off versus Kent Johnson in neutral zone.
4:29 of 3rd period - Snap shot by Filip Hallander.
4:29 of 3rd period - Goal by Filip Hallander - Toronto St Pats : 3 - Tappara Tampere : 2.
4:30 of 3rd period - Kent Johnson wins face-off versus Sheldon Dries in neutral zone.
4:35 of 3rd period - Wrist shot by Anders Bjork.
4:35 of 3rd period - Shot Misses the Net.
4:37 of 3rd period - Slapshot by Kent Johnson.
4:37 of 3rd period - Stopped by Hugo Alnefelt with a rebound.
4:39 of 3rd period - Slapshot by Kent Johnson.
4:39 of 3rd period - Shot Misses the Net.
4:41 of 3rd period - Slapshot by Jan Rutta.
4:41 of 3rd period - Shot Misses the Net.
4:43 of 3rd period - Wrist shot by Jan Rutta.
4:43 of 3rd period - Deflect By Anders Bjork.
4:43 of 3rd period - Goal by Anders Bjork - Toronto St Pats : 3 - Tappara Tampere : 3.
4:44 of 3rd period - Filip Hallander wins face-off versus Andrew Poturalski in neutral zone.
4:49 of 3rd period - Wrist shot by Filip Hallander.
4:49 of 3rd period - Shot Blocked by Kent Johnson.
5:12 of 3rd period - Snap shot by Quinton Byfield.
5:12 of 3rd period - Stopped by Charlie Lindgren with a rebound.
5:14 of 3rd period - Minor Penalty to Andy Andreoff for High sticking.
5:15 of 3rd period - Filip Hallander wins face-off versus Logan O'Connor in Tappara Tampere zone.
5:16 of 3rd period - Wrist shot by Connor Dewar.
5:16 of 3rd period - Shot Blocked by Anders Bjork.
5:35 of 3rd period - Wrist shot by Stefan Noesen.
5:35 of 3rd period - Stopped by Hugo Alnefelt without a rebound.
5:36 of 3rd period - Sheldon Dries wins face-off versus Logan O'Connor in Toronto St Pats zone.
6:08 of 3rd period - Logan O'Connor is hit by Connor Dewar.
6:56 of 3rd period - Quinton Byfield is hit by Mattias Samuelsson and loses puck.
7:14 of 3rd period - Penalty to Andy Andreoff is over, Andy Andreoff is back on ice.
7:26 of 3rd period - Snap shot by Jan Rutta.
7:26 of 3rd period - Stopped by Hugo Alnefelt with a rebound.
7:54 of 3rd period - Jake Leschyshyn is hit by Jan Rutta and loses puck.
8:43 of 3rd period - Minor Penalty to Anders Bjork for Interference.
8:44 of 3rd period - Sheldon Dries wins face-off versus Stefan Noesen in Tappara Tampere zone.
8:56 of 3rd period - Off-side.
8:57 of 3rd period - Filip Hallander wins face-off versus Logan O'Connor in neutral zone.
9:04 of 3rd period - Slapshot by Connor Dewar.
9:04 of 3rd period - Shot Blocked by Logan O'Connor.
9:15 of 3rd period - Kiefer Sherwood is hit by Brendan Brisson and loses puck.
9:26 of 3rd period - Snap shot by Filip Hallander.
9:26 of 3rd period - Stopped by Charlie Lindgren with a rebound.
10:02 of 3rd period - Wrist shot by Sheldon Dries.
10:02 of 3rd period - Goal by Sheldon Dries - Toronto St Pats : 4 - Tappara Tampere : 3.
10:03 of 3rd period - Sheldon Dries wins face-off versus Kent Johnson in neutral zone.
10:06 of 3rd period - Slapshot by Lassi Thomson.
10:06 of 3rd period - Stopped by Charlie Lindgren with a rebound.
12:01 of 3rd period - Slapshot by Stefan Noesen.
12:01 of 3rd period - Shot Blocked by Connor Dewar.
12:11 of 3rd period - Nick Cousins is hit by Kiefer Sherwood and loses puck.
12:16 of 3rd period - Wrist shot by Kiefer Sherwood.
12:16 of 3rd period - Stopped by Hugo Alnefelt with a rebound.
12:18 of 3rd period - Wrist shot by Rocco Grimaldi.
12:18 of 3rd period - Shot Blocked by William Lockwood.
12:20 of 3rd period - Wrist shot by Rocco Grimaldi.
12:20 of 3rd period - Deflect By Kiefer Sherwood.
12:20 of 3rd period - Shot Blocked by Pierre-Olivier Joseph.
12:20 of 3rd period - Puck is out of play.
12:21 of 3rd period - Sheldon Dries wins face-off versus Kent Johnson in Toronto St Pats zone.
12:30 of 3rd period - Snap shot by Austin Watson.
12:30 of 3rd period - Stopped by Charlie Lindgren with a rebound.
12:34 of 3rd period - Snap shot by Quinton Byfield.
12:34 of 3rd period - Deflect By Sheldon Dries.
12:34 of 3rd period - Stopped by Charlie Lindgren without a rebound.
12:35 of 3rd period - Andy Andreoff wins face-off versus Filip Hallander in Tappara Tampere zone.
12:35 of 3rd period - Andy Andreoff is hit by Filip Hallander.
13:02 of 3rd period - Lassi Thomson is hit by Anders Bjork and loses puck.
13:12 of 3rd period - Minor Penalty to Austin Watson for Unsportsmanlike conduct.
13:13 of 3rd period - Andy Andreoff wins face-off versus Filip Hallander in Toronto St Pats zone.
13:28 of 3rd period - Wrist shot by Mattias Janmark.
13:28 of 3rd period - Shot Misses the Net.
13:38 of 3rd period - Anders Bjork is hit by Pierre-Olivier Joseph.
13:44 of 3rd period - Sheldon Dries is hit by Kent Johnson and loses puck.
14:15 of 3rd period - Wrist shot by Quinton Byfield.
14:15 of 3rd period - Shot Misses the Net.
14:57 of 3rd period - John Klingberg is hit by Lassi Thomson and loses puck.
15:12 of 3rd period - Penalty to Austin Watson is over, Austin Watson is back on ice.
15:30 of 3rd period - Lucas Carlsson is hit by Andrew Poturalski and loses puck.
15:53 of 3rd period - Snap shot by Brendan Brisson.
15:53 of 3rd period - Shot Misses the Net.
17:15 of 3rd period - Nicolas Beaudin is hit by John Klingberg and loses puck.
17:44 of 3rd period - Sean Walker is hit by Kiefer Sherwood.
17:48 of 3rd period - John Klingberg is hit by Scott Perunovich and loses puck.
18:13 of 3rd period - Quinton Byfield is hit by Logan O'Connor and loses puck.
18:24 of 3rd period - Andreas Englund is hit by Connor Dewar and loses puck.
18:53 of 3rd period - Tappara Tampere, Charlie Lindgren is pulled from the net.
18:59 of 3rd period - Wrist shot by Phillip Di Giuseppe.
18:59 of 3rd period - Shot Misses the Net.
19:01 of 3rd period - Slapshot by Andreas Englund.
19:01 of 3rd period - Shot Misses the Net.
19:03 of 3rd period - Slapshot by Phillip Di Giuseppe.
19:03 of 3rd period - Shot Misses the Net.
19:05 of 3rd period - Snap shot by Andy Andreoff.
19:05 of 3rd period - Stopped by Hugo Alnefelt with a rebound.
19:07 of 3rd period - Wrist shot by Andy Andreoff.
19:07 of 3rd period - Shot Misses the Net.
19:09 of 3rd period - Slapshot by Andreas Englund.
19:09 of 3rd period - Shot Misses the Net.
19:11 of 3rd period - Wrist shot by Stefan Noesen.
19:11 of 3rd period - Stopped by Hugo Alnefelt with a rebound.
19:13 of 3rd period - Snap shot by Phillip Di Giuseppe.
19:13 of 3rd period - Shot Misses the Net.
19:15 of 3rd period - Wrist shot by Stefan Noesen.
19:15 of 3rd period - Stopped by Hugo Alnefelt with a rebound.
19:17 of 3rd period - Slapshot by Stefan Noesen.
19:17 of 3rd period - Shot Misses the Net.
19:19 of 3rd period - Snap shot by Stefan Noesen.
19:19 of 3rd period - Goal by Stefan Noesen - Toronto St Pats : 4 - Tappara Tampere : 4.
19:19 of 3rd period - Charlie Lindgren from Tappara Tampere was sent back in the game.
19:20 of 3rd period - Jake Leschyshyn wins face-off versus Andrew Poturalski in neutral zone.
19:22 of 3rd period - Minor Penalty to Connor Dewar for Slashing.
19:23 of 3rd period - Andy Andreoff wins face-off versus Sheldon Dries in Toronto St Pats zone.
19:39 of 3rd period - Snap shot by Stefan Noesen.
19:39 of 3rd period - Stopped by Hugo Alnefelt with a rebound.
19:49 of 3rd period - Kent Johnson is hit by Sean Walker and loses puck.
19:56 of 3rd period - Wrist shot by Austin Watson.
19:56 of 3rd period - Shot Misses the Net.
Goals for this period are 3 for Toronto St Pats vs 2 for Tappara Tampere.
Shots for this period are 11 for Toronto St Pats vs 11 for Tappara Tampere.
Overtime #1
0:01 of 1st overtime period - Sheldon Dries wins face-off versus Kent Johnson in neutral zone.
0:32 of 1st overtime period - Snap shot by Kent Johnson.
0:32 of 1st overtime period - Shot Misses the Net.
0:52 of 1st overtime period - Wrist shot by Logan O'Connor.
0:52 of 1st overtime period - Shot Misses the Net.
0:54 of 1st overtime period - Slapshot by Alex Goligoski.
0:54 of 1st overtime period - Deflect By Kent Johnson.
0:54 of 1st overtime period - Stopped by Hugo Alnefelt with a rebound.
0:56 of 1st overtime period - Backhand shot by Mattias Samuelsson.
0:56 of 1st overtime period - Stopped by Hugo Alnefelt with a rebound.
0:58 of 1st overtime period - Slapshot by Alex Goligoski.
0:58 of 1st overtime period - Shot Misses the Net.
1:00 of 1st overtime period - Snap shot by Mattias Samuelsson.
1:00 of 1st overtime period - Shot Misses the Net.
1:02 of 1st overtime period - Wrist shot by Alex Goligoski.
1:02 of 1st overtime period - Stopped by Hugo Alnefelt without a rebound.
1:03 of 1st overtime period - Stefan Noesen wins face-off versus Filip Hallander in Toronto St Pats zone.
1:22 of 1st overtime period - Penalty to Connor Dewar is over, Connor Dewar is back on ice.
1:44 of 1st overtime period - Slapshot by John Klingberg.
1:44 of 1st overtime period - Stopped by Hugo Alnefelt without a rebound.
1:45 of 1st overtime period - Rocco Grimaldi wins face-off versus Sheldon Dries in Toronto St Pats zone.
2:17 of 1st overtime period - Mattias Samuelsson is hit by Sheldon Dries and loses puck.
3:32 of 1st overtime period - Slapshot by Kiefer Sherwood.
3:32 of 1st overtime period - Stopped by Hugo Alnefelt with a rebound.
3:34 of 1st overtime period - Snap shot by Jan Rutta.
3:34 of 1st overtime period - Goal by Jan Rutta - Toronto St Pats : 4 - Tappara Tampere : 5.
Goals for this period are 0 for Toronto St Pats vs 1 for Tappara Tampere.
Shots for this period are 0 for Toronto St Pats vs 6 for Tappara Tampere.
Back to the Top